 Dungeon Crawl Stone Soup version 0.30.1-11-g7821555f0a (webtiles) character file.

Game seed: 11040026360407373520

1050 pkoi the Stinger (level 8, -4/57 HPs)
             Began as a Purple Draconian Venom Mage on Nov 15, 2023.
             Was an Initiate of Vehumet.
             Killed from afar by a steam dragon (11 damage)
             ... with a ball of steam
             ... on level 6 of the Dungeon.
             The game lasted 00:09:12 (5549 turns).

pkoi the Stinger (Purple Draconian Venom Mage)      Turns: 5549, Time: 00:09:13

Health: -4/57      AC: 13    Str: 11    XL:     8   Next: 5%
Magic:  13/13      EV: 12    Int: 18    God:    Vehumet [......]
Gold:   294        SH:  0    Dex: 11    Spells: 11/14 levels left

rFire   . . .        f - +6 quarterstaff "Jovoqiy" {protect, +Blink rElec rC+ SInv}
rCold   + . .        (shield currently unavailable)
rNeg    . . .        (body armour unavailable)
rPois   +            (helmet restricted)
rElec   +            (no cloak)
rCorr   .            (no gloves)
SInv    +            (no boots)
Will    ++...        b - amulet of magic regeneration
Stlth   ++           j - ring of poison resistance
HPRegen 0.29/turn    l - ring of willpower
MPRegen 0.53/turn

%: no passive effects
@: under a protective aura
A: breathe power, AC +6, unfitting armour, cold-blooded
a: Breathe Dispelling Energy, Renounce Religion, Evoke Blink


You were on level 6 of the Dungeon.
You worshipped Vehumet.
Vehumet was noncommittal.
You visited 2 branches of the dungeon, and saw 7 of its levels.
You also visited: Sewer.

You collected 294 gold pieces.

Inventory:

Hand Weapons
 e - a +1 dagger of flaming
 f - the +6 quarterstaff "Jovoqiy" (weapon) {protect, +Blink rElec rC+ SInv}
   (You took it off a kobold on level 2 of the Dungeon)

   rC:        It protects you from cold.
   rElec:     It insulates you from electricity.
   SInv:      It lets you see invisible.
   +Blink:    It lets you blink.
Armour
 n - a +1 kite shield
Jewellery
 b - an amulet of magic regeneration (around neck)
 c - a ring of flight
 j - a ring of poison resistance (left hand)
 l - a ring of willpower (right hand)
 v - a ring of fire
Wands
 o - a wand of iceblast (2)
Scrolls
 p - a scroll of silence
 q - 2 scrolls of magic mapping
 s - a scroll of fear
 u - a scroll of brand weapon
Potions
 a - 2 potions of magic
 d - 2 potions of curing
 g - a potion of might
 h - 3 potions of flight
 i - 2 potions of brilliance {unknown}
 k - 3 potions of cancellation
 m - a potion of heal wounds
 r - a potion of haste
 t - a potion of berserk rage


   Skills:
 + Level 3.8 Staves
 - Level 1.7 Dodging
 - Level 1.7 Stealth
 - Level 3.6 Spellcasting
 + Level 4.6 Transmutations
 + Level 4.2 Air Magic
 + Level 5.5 Poison Magic


You had 11 spell levels left.
You knew the following spells:

 Your Spells              Type           Power      Damage    Failure   Level
a - Sting                 Tmut/Pois      84%        1d7       1%          1
b - Poisonous Vapours     Pois/Air       40%        N/A       3%          2

Your spell library contained the following spells:

 Spells                   Type           Power      Damage    Failure   Level
 Mephitic Cloud           Conj/Pois/Air  15%        N/A       12%         3
 Magic Dart               Conj           12%        1d3       16%         1
 Olgreb's Toxic Radiance  Pois           23%        N/A       16%         4
 Call Imp                 Summ           6%         N/A       24%         2


Dungeon Overview and Level Annotations

Branches:
Dungeon (6/15)             Temple (1/1) D:5           Sewer (visited)

Altars:
Cheibriados
Dithmenos
Fedhas
Gozag
Okawaru
Ru
Sif Muna
Trog
Vehumet
Yredelemnul
Zin
The Shining One

Shops:
D:2 =   D:3 [   D:5 [*


Innate Abilities, Weirdness & Mutations

You can breathe bolts of dispelling energy.
Your rich purple scales are hard. (AC +6)
You cannot fit into any form of body armour.
You are cold-blooded and may be slowed by cold attacks.


Message History

You closely miss the steam dragon.
The steam dragon is lightly wounded.
The water moccasin bites you but does no damage.
The water moccasin bites you. The steam dragon closely misses you.
The steam dragon claws you but does no damage.
Unknown command.
You closely miss the steam dragon.
The steam dragon is lightly wounded.
You are engulfed in a cloud of scalding steam.
The water moccasin is engulfed in a cloud of scalding steam.
The water moccasin closely misses you. The steam dragon bites you.
The steam dragon closely misses you.
The water moccasin is engulfed in a cloud of scalding steam.
The water moccasin bites you but does no damage.
Unknown command.
You closely miss the water moccasin. You tail-slap the water moccasin.
The water moccasin is severely wounded.
The water moccasin bites you. The steam dragon barely misses you. x2
Unknown command.
You thump the water moccasin!
Your weapon exudes an aura of protection.
The water moccasin is almost dead.
You are engulfed in a cloud of scalding steam.
The water moccasin misses you. The steam dragon bites you.
The steam dragon barely misses you.
The water moccasin bites you but does no damage.
You completely miss the steam dragon.
The steam dragon is lightly wounded.
The water moccasin bites you.
* * * LOW HITPOINT WARNING * * *
The steam dragon barely misses you.
The steam dragon claws you but does no damage.
You closely miss the water moccasin.
Your tail-slap misses the water moccasin.
The water moccasin is almost dead.
The water moccasin bites you!
* * * LOW HITPOINT WARNING * * *
The steam dragon breathes steam at you. The ball of steam hits you!
You die...

....... ..# #....
..!....##..##### #.##~
#.............## ###.##†
#..(.<........#####...##~
#.......................#~
#...............##......#~
#...............##......#~ #
#.......S.......##......#~ .
#.......D@..............#. #.
................#####...##~
^#.###.......#......###########
..............)........#
#.#....######..........#
#.#....# #..........# #....<.#
#..........#
##.....######....[.....#
##...>.....#..........#


You could see a steam dragon (poisoned, catching breath) and a water moccasin.

Vanquished Creatures
  2 water moccasins
  2 ogres
  2 scorpions
  3 jellies
  2 howler monkeys
  A hound (D:4)
  An orc priest (D:3)
  An iguana (D:6)
  An orc wizard (D:2)
  A sleepcap (D:5)
  12 adders
  A white imp (D:6)
  5 ufetubi
  3 worms
  11 orcs
  5 ball pythons
  10 endoplasms
  4 giant cockroaches
  7 goblins
  6 hobgoblins
  3 jackals (D:4)
  3 quokkas
  10 bats
  A frilled lizard (D:3)
  7 kobolds
  4 rats
108 creatures vanquished.

Notes
Turn   | Place    | Note
-------+----------+-------------------------------------------
     0 | D:1      | pkoi the Draconian Venom Mage began the quest for the Orb.
     0 | D:1      | Reached XP level 1. HP: 14/14 MP: 3/3
   321 | D:1      | Reached XP level 2. HP: 8/20 MP: 3/5
   372 | D:1      | Learned a level 2 spell: Poisonous Vapours
  1067 | D:2      | Reached XP level 3. HP: 5/26 MP: 3/6
  1313 | D:2      | Reached skill level 1 in Air Magic
  1480 | D:2      | Reached XP level 4. HP: 33/33 MP: 5/7
  1484 | D:2      | Identified the +6 quarterstaff "Jovoqiy" {protect, +Blink
                  | rElec rC+ SInv}
  1556 | D:2      | Found Atwiept's Jewellery Shoppe.
  2212 | D:3      | Reached XP level 5. HP: 35/38 MP: 7/9
  2258 | D:3      | Reached skill level 1 in Staves
  2363 | D:3      | Reached skill level 4 in Poison Magic
  2677 | D:3      | Found Doige's Antique Armour Emporium.
  2996 | D:3      | Reached XP level 6. HP: 8/45 MP: 10/10
  3957 | D:4      | Found a bloodstained altar of Trog.
  4105 | D:5      | Entered Level 5 of the Dungeon
  4131 | D:5      | Your scales start taking on a rich purple colour.
  4131 | D:5      | Reached XP level 7. HP: 50/50 MP: 9/12
  4202 | D:5      | Found Iphetug's Antique Armour Emporium.
  4436 | D:5      | Found Sokielue's Serpentskin Sales.
  4443 | D:5      | Reached skill level 5 in Poison Magic
  4641 | D:5      | Found a staircase to the Ecumenical Temple.
  4652 | Temple   | Entered the Ecumenical Temple
  4698 | Temple   | Became a worshipper of Vehumet
  5241 | D:6      | Noticed a steam dragon
  5394 | D:6      | Found a glowing drain.
  5410 | Sewer    | Entered a sewer
  5448 | Sewer    | Reached XP level 8. HP: 49/57 MP: 13/13
  5549 | D:6      | Killed from afar by a steam dragon

Illustrated notes

Levels and vault maps discovered:
D:1:      dpeg_arrival_subterranean_lakeside_camping, layout_basic
D:2:      layout_basic, serial_shops, shop
D:3:      layout_rooms, serial_shops, shop, minmay_fractal_squares_5
D:4:      layout_rooms, mainiacjoe_overflow_alcove_4
D:5:      layout_loops_ring, minmay_temple_entry_gardened_gates, serial_shops,
          shop, guppyfry_shop_venom
D:6:      layout_rooms, gammafunk_temple_overflow_elements,
          portal_sewer_entry_d, grunt_decor_cap
Temple:   minmay_freezing_vapour_temple

Skill      XL: |  1  2  3  4  5  6  7 |
---------------+----------------------+-----
Transmutations | 2 3 4 |  4.6
Air Magic      | 1 2 3 4 |  4.2
Staves         | 1 2 3 |  3.8
Poison Magic   | 4 5 |  5.5
Spellcasting   | 3 |  3.6
Dodging        | |  1.7
Stealth        | |  1.7

Action                     |  1- 3 |  4- 6 |  7- 9 || total
---------------------------+-------+-------+-------++-------
  Melee: Unarmed           |     9 |       |       ||     9
         Tailslap          |     4 |     1 |     8 ||    13
         Dagger            |     5 |       |       ||     5
         Quarterstaff      |       |    48 |    39 ||    87
   Cast: Sting             |    72 |   107 |    65 ||   244
    Use: Scroll            |     7 |     5 |     2 ||    14
         Potion            |     2 |     2 |       ||     4
 Armour: Skin              |    20 |    27 |    40 ||    87
  Dodge: Dodged            |    41 |    54 |    66 ||   161
